 Dungeon Crawl Stone Soup version 0.19.0-22-gd96e5fe (webtiles) character file.

49 grisgris the Sneak (level 3, -11/24 HPs)
             Began as a Vampire Enchanter on Nov 19, 2016.
             Mangled by an orc wizard
             ... wielding a +0 dagger of electrocution
              (17 damage)
             ... on level 3 of the Dungeon.
             The game lasted 00:04:53 (1521 turns).

grisgris the Sneak (Vampire Enchanter)              Turns: 1521, Time: 00:04:54

Health: -11/24     AC:  5    Str:  7    XL:     3   Next: 51%
Magic:  2/6        EV: 12    Int: 18    God:
Gold:   35         SH:  0    Dex: 14    Spells: 2 memorised, 3 levels left

rFire  . . .     SeeInvis +     a - +1 dagger
rCold  + . .     Gourm    .     b - +1 robe
rNeg   + + .     Faith    .     (no shield)
rPois  +         Spirit   .     g - +1 hat
rElec  .         Reflect  .     (no cloak)
rCorr  .         Harm     .     (no gloves)
MR     .....                    s - +0 pair of boots
Stlth  ++++......               i - amulet of regeneration
                                (no ring)
                                (no ring)

@: regenerating slowly
A: fangs 3, see invisible, unbreathing
a: Bat Form


You were on level 3 of the Dungeon.
You were near bloodless.

You visited 1 branch of the dungeon, and saw 3 of its levels.

You collected 35 gold pieces.

Inventory:

Hand Weapons
 a - a +1 dagger (weapon)
Armour
 b - a +1 robe (worn)
 f - a +0 helmet
 g - a +1 hat (worn)
 s - a +0 pair of boots (worn)
Jewellery
 i - an amulet of regeneration (around neck)
Wands
 q - a wand of flame (12/48)
Scrolls
 h - a scroll of blinking {unknown}
 n - a scroll of remove curse
 o - 2 scrolls of magic mapping {unknown}
 p - a scroll of fog {unknown}
Potions
 d - a potion of blood
 e - a potion of heal wounds {unknown}
 j - a potion of cure mutation {unknown}
 k - a potion of berserk rage {unknown}
 l - a potion of lignification {unknown}
 m - a potion of cancellation {unknown}
 r - a potion of mutation {unknown}
Books
 c - a book of Maledictions

   Spells                             Type                      Level
   a - Corona                         Hexes                        1
   b - Ensorcelled Hibernation        Hexes/Ice                    2
   c - Confuse                        Hexes                        3
   d - Tukima's Dance                 Hexes                        3
   e - Dazzling Spray                 Conjuration/Hexes            3


   Skills:
 + Level 0.1 Fighting
 + Level 1.4 Short Blades
 + Level 2.2 Dodging
 + Level 5.2 Stealth
 + Level 2.3 Spellcasting
 + Level 5.0 Hexes
 + Level 1.1 Ice Magic


You had 3 spell levels left.
You knew the following spells:

 Your Spells              Type           Power        Failure   Level  Hunger
a - Ensorcelled Hibernat  Hex/Ice        ##....       10%         2    ##.....
b - Corona                Hex            ###....      1%          1    #......


Dungeon Overview and Level Annotations

Branches:
Dungeon (3/15)

Altars:


Innate Abilities, Weirdness & Mutations

You heal slowly.
You have razor-sharp teeth.
You have supernaturally acute eyesight. (SInv)
You can survive without breathing.


Message History

Confirm with . or Enter, or press ? or * to list all spells.
Aiming: Ensorcelled Hibernation
Press: ? - help, Shift-Dir - straight line, f - orc wizard
Aim: an orc wizard, wielding a dagger of electrocution and wearing a robe (chance to defeat MR: 44%)
The orc wizard resists with some effort.
The orc wizard hits you but does no damage.
You are electrocuted!
Ouch! That really hurt!
The orc closely misses you.
Casting: Ensorcelled Hibernation
Confirm with . or Enter, or press ? or * to list all spells.
Aiming: Ensorcelled Hibernation
Press: ? - help, Shift-Dir - straight line, f/p - orc wizard
Aim: an orc wizard, wielding a dagger of electrocution and wearing a robe (chance to defeat MR: 44%)
The orc wizard resists with some effort.
The orc wizard hits you with a dagger of electrocution.
* * * LOW HITPOINT WARNING * * *
You are electrocuted!
Ouch! That really hurt!
You die...

###### .
#..(.#
..###....#
#........#
#........#
......o@(#
........o#
....#....#
... #<...#
. #....#
#....#
######


You could see an orc wizard and an orc.

Vanquished Creatures
  An adder (D:2)
  A worm (D:2)
  2 leopard geckos (D:2)
  3 orcs (D:2)
  A ball python (D:2)
  A giant cockroach (D:2)
  2 goblins (D:2)
  4 hobgoblins
  2 jackals (D:2)
  2 kobolds (D:2)
  5 bats
  2 frilled lizards
  4 rats
30 creatures vanquished.

Notes
Turn   | Place    | Note
-------+----------+-------------------------------------------
     0 | D:1      | grisgris the Vampire Enchanter began the quest for the Orb.
     0 | D:1      | Reached XP level 1. HP: 13/13 MP: 3/3
   231 | D:1      | Reached XP level 2. HP: 19/19 MP: 3/5
   235 | D:1      | Learned a level 2 spell: Ensorcelled Hibernation
  1035 | D:2      | Reached skill level 5 in Stealth
  1035 | D:2      | Reached XP level 3. HP: 24/24 MP: 1/6
  1257 | D:2      | Reached skill level 1 in Ice Magic
  1422 | D:2      | Reached skill level 5 in Hexes
  1521 | D:3      | Mangled by an orc wizard

Skill      XL: |  1  2  3 |
---------------+----------+-----
Stealth        | 5 |  5.2
Ice Magic      | 1 |  1.1
Hexes          | 5 |  5.0
Fighting       | |  0.1
Short Blades   | |  1.4
Dodging        | |  2.2
Spellcasting   | |  2.3

Action                   || total
-------------------------++-------
Melee: Dagger            ||    55
       Bite              ||     4
 Cast: Corona            ||     7
       Ensorcelled Hiber ||    21
  Use: Scroll            ||     3
 Stab: Sleeping          ||    20
Armor: Robe              ||    41
Dodge: Dodged            ||    61
